 Dungeon Crawl Stone Soup version 0.25-a0-591-g2ad0d861f1 (webtiles) character file.

Game seed: 2690956845839199849, levelgen mode: deterministic

53 Esekla the Charlatan (level 3, 0/17 HPs)
             Began as a Spriggan Artificer on Mar 14, 2020.
             Succumbed to an adder's poison
             ... on level 1 of the Dungeon.
             The game lasted 00:12:51 (2617 turns).

Esekla the Charlatan (Spriggan Artificer)           Turns: 2617, Time: 00:12:51

Health: 0/17       AC:  2    Str:  8    XL:     3   Next: 62%
Magic:  7/7        EV: 19    Int: 13    God:
Gold:   28         SH:  0    Dex: 16    Spells: 5/5 levels left

rFire    . . .     SeeInvis +   a - +0 dagger (venom)
rCold    . . .     Gourm    .   (shield restricted)
rNeg     . . .     Faith    .   b - +0 robe
rPois    .         Spirit   .   (helmet restricted)
rElec    .         Reflect  .   (no cloak)
rCorr    .         Harm     .   (gloves unavailable)
MR       .....                  (boots unavailable)
Stlth    +.........             (no amulet)
HPRegen  0.05/turn              i - ring of attention (curse)
MPRegen  0.10/turn              (no ring)

@: lethally poisoned (0 -> -5), very quick
A: very small, unfitting armour, see invisible, herbivore, speed 3, slow
metabolism 2
a: no special abilities


You were on level 1 of the Dungeon.
You were not hungry.

You visited 1 branch of the dungeon, and saw 2 of its levels.

You collected 28 gold pieces.

Inventory:

Hand Weapons
 a - a +0 dagger of venom (weapon)
 j - a +0 dagger of speed
Armour
 b - a +0 robe (worn)
Jewellery
 i - a cursed ring of attention (left hand)
Wands
 c - a wand of flame (15)
 d - a wand of enslavement (15)
 e - a wand of random effects (15)
Potions
 g - a potion of cancellation
Comestibles
 f - 4 rations


   Skills:
 - Level 0.7 Fighting
 * Level 2.7 Short Blades
 * Level 4.0 Dodging
 + Level 1.8 Stealth
 * Level 1.8 Spellcasting
 - Level 4.0 Evocations


You had 5 spell levels left.
You didn't know any spells.
Your spell library was empty.

Dungeon Overview and Level Annotations

Branches:
Dungeon (2/15)

Altars:
Hepliaklqana


Innate Abilities, Weirdness & Mutations

You are very small and have problems with some larger weapons.
You are too small for most types of armour.
You have supernaturally acute eyesight. (SInv)
You are a herbivore.
You cover ground extremely quickly.
You need to consume almost no food.


Message History

Press: ? - help, v - describe, . - travel
Here: a gnoll, wielding a +0 spear and wearing a +0 buckler An open door.
Unknown command.
You climb upwards.
The adder hisses angrily.
There is a stone staircase leading down here.
An adder is nearby!
The adder bites you.
* * * LOW HITPOINT WARNING * * *
You are lethally poisoned!
The adder poisons you!
* * * LOW HITPOINT WARNING * * *
You feel sick.
* * * LOW HITPOINT WARNING * * *
You feel sick.
Okay, then.
* * * LOW HITPOINT WARNING * * *
You feel sick.
You die...

..................#
##................#
#............>...##
#..............S..##
#...###.#..........#
#...###.#..........#
#....#..#..........#
#..#...##..........#
#..............@...#
##........#........##
................(...#
###.................#
#...............(.#
#.................#
#.................#
#.......#........##
#.......##......##


You could see an adder.

Vanquished Creatures
  2 gnolls (D:2)
  A worm (D:1)
  A dart slug (D:1)
  2 leopard geckos (D:2)
  2 giant cockroaches
  4 goblins
  A hobgoblin (D:1)
  4 quokkas (D:2)
  A ball python (D:2)
  A bat (D:2)
  3 frilled lizards
  4 kobolds
  2 rats
28 creatures vanquished.

Notes
Turn   | Place    | Note
-------+----------+-------------------------------------------
     0 | D:1      | Esekla the Spriggan Artificer began the quest for the Orb.
     0 | D:1      | Reached XP level 1. HP: 9/9 MP: 4/4
   474 | D:2      | Reached XP level 2. HP: 13/14 MP: 6/6
   801 | D:1      | Reached skill level 1 in Spellcasting
  1507 | D:2      | Found a hazy altar of Hepliaklqana.
  1630 | D:2      | Reached XP level 3. HP: 17/17 MP: 7/7
  2617 | D:1      | Succumbed to an adder's poison

Levels and vault maps discovered:
D:1:      lightli_arrival_statue_moat, layout_rooms
D:2:      layout_basic, nicolae_overflow_crystal_walls, first_ration

Skill      XL: |  1  2  3 |
---------------+----------+-----
Spellcasting   | 1 |  1.8
Short Blades   | 2 |  2.7
Dodging        | 4 |  4.0
Fighting       | |  0.7
Stealth        | |  1.8
Evocations     | |  4.0

Action                   || total
-------------------------++-------
Melee: Short sword       ||    61
       Dagger            ||    96
  Use: Potion            ||     2
 Stab: Sleeping          ||     1
Armor: Robe              ||     6
Dodge: Dodged            ||   118

Table legend:
 A = Non-vault XP
 B = Vault XP
 C = Vault XP percentage of total XP
 D = Non-vault monster count
 E = Vault monster count
 F = Vault count percentage of total count
                 A         B        C        D         E       F
            +---------+---------+-------+---------+---------+-------
      Total |      76 |       0 |   0.0 |      28 |       0 |   0.0
            +---------+---------+-------+---------+---------+-------
        D:1 |      18 |       0 |   0.0 |       8 |       0 |   0.0
        D:2 |      58 |       0 |   0.0 |      20 |       0 |   0.0
            +---------+---------+-------+---------+---------+-------
